 Dungeon Crawl Stone Soup version 0.27-a0-1431-gcffa5a9b16 (webtiles) character file.

Game seed: 6858309212955056396

35459 robertstho the Severer (level 13, -3/119 HPs)
             Began as a Minotaur Berserker on July 2, 2021.
             Was a High Priest of Trog.
             Killed from afar by an oklob plant (5 damage)
             ... with a splash of acid
             ... on level 1 of the Lair of Beasts.
             The game lasted 00:24:15 (16952 turns).

robertstho the Severer (Minotaur Berserker)        Turns: 16952, Time: 00:24:19

Health: -3/119     AC:  1    Str: 25    XL:     13   Next: 47%
Magic:  21/21      EV: 10    Int:  5    God:    Trog [*****.]
Gold:   441        SH: 18    Dex: 13    Spells: 12/12 levels left

rFire    + . .     SeeInvis +   I - +0 broad axe (flame)
rCold    . . .     Faith    .   q - +0 kite shield
rNeg     . . .     Spirit   .   O - +2 plate armour {rF+}
rPois    .         Reflect  +   N - +2 hat {Will+}
rElec    .         Harm     .   z - +0 cloak
rCorr    +         Rampage  .   M - +3 pair of gloves of Utzumath {MP+9 Dex+2}
Will     +....                  (no boots)
Stlth    ..........             j - amulet of reflection
HPRegen  0.29/turn              g - ring of resist corrosion
MPRegen  0.17/turn              o - ring of see invisible

@: corroded, on berserk cooldown, slowed, very slow
A: horns 2, retaliatory headbutt
a: Renounce Religion, Berserk, Trog's Hand, Brothers in Arms


You were on level 1 of the Lair of Beasts.
You worshipped Trog.
Trog was extremely pleased with you.
You visited 2 branches of the dungeon, and saw 15 of its levels.
You also visited: Gauntlet.

You collected 885 gold pieces.
You spent 444 gold pieces at shops.

Inventory:

Hand Weapons
 G - a +1 vorpal battleaxe
 I - a +0 broad axe of flaming (weapon)
Armour
 f - +0 acid dragon scales
 q - a +0 kite shield (worn)
 s - a +3 chain mail of cold resistance
 z - a +0 cloak (worn)
 F - the +1 scale mail of Okawaru's Esteem {Contam rN+ rCorr SInv}
   (You found it on level 9 of the Dungeon)

   rN:        It protects you from negative energy.
   SInv:      It lets you see invisible.
   Contam:    It causes magical contamination when unequipped.
   rCorr:     It protects you from acid and corrosion.
 M - the +3 pair of gloves of Utzumath (worn) {MP+9 Dex+2}
   (You found it in a Gauntlet)

   Dex:       It affects your dexterity (+2).
   MP:        It affects your magic capacity (+9).
 N - a +2 hat of willpower (worn)
 O - a +2 plate armour of fire resistance (worn)
Jewellery
 a - a ring of protection from fire
 g - a ring of resist corrosion (left hand)
 j - an amulet of reflection (around neck)
 o - a ring of see invisible (right hand)
 x - an amulet of regeneration
 D - a ring of ice
 L - the ring "Vagackud" {rF+ rN+ Will- Int+3}
   (You found it in a Gauntlet)

   [ring of protection from fire]

   Int:       It affects your intelligence (+3).
   rF:        It protects you from fire.
   rN:        It protects you from negative energy.
   Will:      It decreases your willpower.
Wands
 h - a wand of digging (5)
 v - a wand of mindburst (17)
 B - a wand of iceblast (5)
Scrolls
 e - 2 scrolls of enchant armour
 i - 2 scrolls of blinking
 l - 3 scrolls of teleportation
 m - 2 scrolls of fear
 n - a scroll of immolation
 A - 3 scrolls of enchant weapon
 E - 2 scrolls of brand weapon
Potions
 c - a potion of ambrosia
 d - 5 potions of might
 k - a potion of cancellation
 p - a potion of heal wounds
 r - 4 potions of curing
 t - 3 potions of flight {unknown}
 u - 2 potions of degeneration {unknown}
 w - a potion of haste
 C - a potion of resistance
 H - a potion of lignification {unknown}
 K - 2 potions of berserk rage {unknown}
Miscellaneous
 b - a condenser vane


   Skills:
 + Level 12.5 Fighting
 + Level 16.1 Axes
 + Level 11.6 Armour
 + Level 9.1 Dodging
 + Level 1.8 Stealth
 + Level 10.7 Shields
 + Level 5.8 Evocations


You had 12 spell levels left.
You didn't know any spells.
Your spell library was empty.

Dungeon Overview and Level Annotations

Branches:
Dungeon (14/15)            Temple (0/1) D:7            Lair (1/6) D:11
    Orc (0/2) D:10         Vaults (0/5) D:13        Gauntlet (visited)

Altars:
Cheibriados
Dithmenos
Elyvilon
Fedhas
Kikubaaqudgha
Makhleb
Ru
Trog
Uskayaw
Wu Jian
Yredelemnul
Zin
The Shining One
Beogh
Jiyva

Shops:
D:9 [[=[

Portals:
Trove: D:12 (give 12 potions of heal wounds)

Annotations:
D:11 2 transporters
Lair:1 3 runed translucent doors, exclusion: 2 oklob plants, McSplat's ghost, journeyman TrCK


Innate Abilities, Weirdness & Mutations

You have a pair of horns on your head.
You reflexively headbutt those who attack you in melee.


Message History

You headbutt the oklob plant.
The oklob plant is heavily damaged.
You hit the oklob plant but do no damage.
Unknown command.
You hit the oklob plant but do no damage.
The oklob plant is heavily damaged.
You hit the oklob plant but do no damage.
The oklob plant spits acid at you. The splash of acid hits you. You resist.
* * * LOW HITPOINT WARNING * * *
You are splashed with acid.
You resist.
* * * LOW HITPOINT WARNING * * *
You feel much better. The oklob plant spits acid at you.
The splash of acid hits you. You resist.
* * * LOW HITPOINT WARNING * * *
The acid corrodes you!
You are splashed with acid.
You resist.
* * * LOW HITPOINT WARNING * * *
Unknown command.
You hit the oklob plant. You burn the oklob plant.
The oklob plant is heavily damaged.
You slash the oklob plant! You burn the oklob plant.
The oklob plant spits acid at you. The splash of acid hits you. You resist.
* * * LOW HITPOINT WARNING * * *
The acid corrodes you!
You are splashed with acid.
You resist.
* * * LOW HITPOINT WARNING * * *
The oklob plant spits acid at you. The splash of acid hits you. You resist.
* * * LOW HITPOINT WARNING * * *
The acid corrodes you!
You are splashed with acid.
You resist.
* * * LOW HITPOINT WARNING * * *
The oklob plant spits acid at you. The splash of acid hits you. You resist.
* * * LOW HITPOINT WARNING * * *
You are splashed with acid.
You resist.
* * * LOW HITPOINT WARNING * * *
The oklob plant spits acid at you. The splash of acid hits you. You resist.
You die...

#>.... #..... #..#
#.^...
###P..###.....
#######.....##......
#.[...P.....###.....
#PP}..P.....##....##
#$$.((P..#..###..##
#$)@........###..##
#.......(...##....#
#######†.#..###..P#
#..###..##...##
#..##...##...#
#..###.......# #..#
#.......#
#..##........#
#..###.......#


You could see 2 oklob plants.

Vanquished Creatures
  Gastronok (D:10)
  A minotaur (Gauntlet)
  Harold (D:10)
  A hydra (D:13)
  A boulder beetle (D:14)
  2 centaur warriors (D:13)
  3 two-headed ogres
  4 death yaks (Gauntlet)
  Sonja (D:13)
  A deep elf pyromancer (D:13)
  A deep elf zephyrmancer (D:13)
  2 oklob plants (Lair:1)
  6 ugly things
  5 cyclopes
  2 gargoyles
  2 cane toads (Lair:1)
  Maggie (D:10)
  An efreet (D:14)
  3 unseen horrors
  3 yaktaurs (D:13)
  2 kobold demonologists
  A komodo dragon (D:12)
  A hornet (D:7)
  A polar bear (Lair:1)
  2 trolls
  9 slime creatures
  Sigmund (D:2)
  3 wraiths
  2 wyverns
  4 shadows (Gauntlet)
  A vampire (D:11)
  2 basilisks
  15 yaks
  2 wargs (D:11)
  2 water moccasins (Lair:1)
  An acid dragon (D:10)
  7 orc warriors
  An ice beast (D:7)
  2 sky beasts (D:6)
  A hornet zombie (D:8)
  2 necrophages (D:8)
  2 ogres (D:5)
  A phantom (D:4)
  10 centaurs
  4 kobold brigands (D:13)
  An elf zombie (D:8)
  A gnoll sergeant (D:7)
  3 scorpions
  3 wyvern zombies (D:8)
  An elf skeleton (D:8)
  10 killer bees (D:9)
  2 wights (D:8)
  A howler monkey (D:13)
  11 centaur zombies
  6 hounds
  2 human zombies (D:8)
  A jelly (D:7)
  14 orc priests
  A gnoll shaman (D:5)
  A human skeleton (D:8)
  A scorpion zombie (D:5)
  An iguana (D:5)
  12 orc wizards
  6 killer bee zombies
  4 hound skeletons (D:4)
  A mummy (D:8)
  A howler monkey skeleton (D:6)
  2 howler monkey zombies (D:8)
  Robin (D:2)
  10 gnolls
  5 adders
  A white imp (D:6)
  2 ufetubi (D:6)
  An adder skeleton (D:4)
  2 worms (D:4)
  3 dart slugs
  35 orcs
  8 endoplasms
  5 giant cockroaches
  10 goblins
  12 hobgoblins
  6 jackals
  5 kobolds
  A quokka (D:4)
  6 ball pythons
  2 bats
  2 frilled lizards
  2 orc skeletons (D:8)
  3 rats
329 creatures vanquished.

Vanquished Creatures (collateral kills)
  2 death yaks (Gauntlet)
  A deep elf pyromancer (D:13)
  A necromancer (Gauntlet)
  An orc warrior (D:9)
  2 orcs (D:9)
7 creatures vanquished.

Vanquished Creatures (others)
  An orc (D:9)
  3 fungi (Lair:1)
  4 plants
8 creatures vanquished.

Grand Total: 344 creatures vanquished

Notes
Turn   | Place    | Note
-------+----------+-------------------------------------------
     0 | D:1      | robertstho the Minotaur Berserker began the quest for the
                  | Orb.
     0 | D:1      | Reached XP level 1. HP: 19/19 MP: 0/0
   258 | D:1      | Reached skill level 4 in Axes
   258 | D:1      | Reached XP level 2. HP: 25/27 MP: 1/1
   594 | D:1      | Found a faded altar of an unknown god.
  1270 | D:1      | Reached XP level 3. HP: 28/34 MP: 2/2
  1270 | D:1      | Reached ** piety under Trog
  1791 | D:2      | Noticed Sigmund
  1807 | D:2      | Reached skill level 7 in Axes
  1807 | D:2      | Reached skill level 5 in Dodging
  1807 | D:2      | Reached XP level 4. HP: 20/47 MP: 3/3
  1809 | D:2      | Killed Sigmund
  1810 | D:2      | Reached XP level 5. HP: 8/52 MP: 4/4
  1810 | D:2      | Reached XP level 6. HP: 10/60 MP: 5/5
  1812 | D:2      | Reached skill level 9 in Axes
  1812 | D:2      | Reached skill level 5 in Evocations
  1812 | D:2      | Reached XP level 7. HP: 12/70 MP: 6/6
  2171 | D:2      | Noticed Robin
  2183 | D:2      | Reached skill level 1 in Stealth
  2200 | D:2      | Killed Robin
  2605 | D:3      | Found a bloodstained altar of Trog.
  2711 | D:3      | Reached *** piety under Trog
  2802 | D:3      | Found a shadowy altar of Dithmenos.
  3642 | D:4      | Found a blossoming altar of Fedhas.
  4395 | D:5      | Entered Level 5 of the Dungeon
  4406 | D:5      | Reached skill level 1 in Shields
  4455 | D:5      | Reached XP level 8. HP: 72/78 MP: 7/7
  4522 | D:5      | Found a sacrificial altar of Ru.
  4657 | D:5      | Reached skill level 10 in Axes
  4851 | D:5      | Found a snail-covered altar of Cheibriados.
  5281 | D:5      | Found a burning altar of Makhleb.
  5281 | D:5      | Noticed a blizzard demon
  5340 | D:6      | Found a hide-covered altar of Uskayaw.
  5427 | D:6      | Reached **** piety under Trog
  6364 | D:7      | Noticed a hornet
  6373 | D:7      | Killed a hornet
  6380 | D:7      | Reached XP level 9. HP: 84/84 MP: 8/8
  6745 | D:7      | Found a staircase to the Ecumenical Temple.
  7179 | D:7      | Found a glowing golden altar of the Shining One.
  7506 | D:8      | Found an ancient bone altar of Kikubaaqudgha.
  7542 | D:8      | Reached skill level 11 in Axes
  7883 | D:8      | Identified a scroll of acquirement
  7883 | D:8      | Acquired a +2 war axe of flaming
  7913 | D:8      | Noticed a two-headed ogre
  7922 | D:8      | Killed a two-headed ogre
  7923 | D:8      | Reached skill level 5 in Shields
  7923 | D:8      | Reached XP level 10. HP: 92/92 MP: 9/9
  8026 | D:8      | Found a basalt altar of Yredelemnul.
  8248 | D:8      | Found a glowing silver altar of Zin.
  8583 | D:8      | Reached ***** piety under Trog
  8698 | D:9      | Found Peuwkiva's Antique Armour Emporium.
  8707 | D:9      | Bought a runed chain mail for 165 gold pieces
  8753 | D:9      | Found Fiohamut's Jewellery Shop.
  8898 | D:9      | Found Hirgheuch's Antique Armour Shop.
  8909 | D:9      | Reached skill level 10 in Fighting
  9187 | D:9      | Identified the +1 scale mail of Okawaru's Esteem {Contam
                  | rN+ rCorr SInv}
  9451 | D:9      | Found Byppo's Armour Boutique.
  9663 | D:9      | Bought a +2 pair of gloves of dexterity for 279 gold pieces
  9709 | D:10     | Entered Level 10 of the Dungeon
 10031 | D:10     | Noticed Harold
 10049 | D:10     | Killed Harold
 10050 | D:10     | Reached skill level 12 in Axes
 10095 | D:10     | Reached XP level 11. HP: 84/100 MP: 10/10
 10215 | D:10     | Found a white marble altar of Elyvilon.
 10232 | D:10     | Found a staircase to the Orcish Mines.
 10240 | D:10     | Noticed Gastronok
 10261 | D:10     | Killed Gastronok
 10261 | D:10     | Received a gift from Trog
 10262 | D:10     | Reached skill level 10 in Armour
 10527 | D:10     | Noticed Maggie
 10534 | D:10     | Killed Maggie
 10742 | D:10     | Found an ornate altar of the Wu Jian Council.
 11385 | D:11     | Found a staircase to the Lair.
 11479 | D:11     | Reached skill level 13 in Axes
 11498 | D:11     | Found a transporter.
 11564 | D:11     | Found a transporter.
 11971 | D:12     | Found a portal to a secret trove of treasure.
 12079 | D:12     | Noticed a cyan ugly thing
 12084 | D:12     | Killed a cyan ugly thing
 12115 | D:12     | Found a gate leading to a gauntlet.
 12124 | Gauntlet | Entered a Gauntlet
 12124 | Gauntlet | Found a transporter.
 12124 | Gauntlet | Found a transporter.
 12126 | Gauntlet | Noticed a catoblepas
 12137 | Gauntlet | Noticed an orb spider
 12137 | Gauntlet | a yak changed into an orb spider
 12143 | Gauntlet | Noticed a deep troll
 12143 | Gauntlet | a cane toad changed into a deep troll
 12145 | Gauntlet | a deep troll changed into a floating eye
 12146 | Gauntlet | Noticed a shining eye
 12146 | Gauntlet | a floating eye changed into a shining eye
 12154 | Gauntlet | an orb spider changed into a human
 12162 | Gauntlet | Noticed a shock serpent
 12162 | Gauntlet | a shining eye changed into a shock serpent
 12171 | Gauntlet | Noticed a harpy
 12171 | Gauntlet | a human changed into a harpy
 12212 | Gauntlet | a harpy changed into a hog
 12248 | Gauntlet | a shock serpent changed into a torpor snail
 12272 | Gauntlet | Found a transporter.
 12288 | Gauntlet | Noticed a necromancer
 12288 | Gauntlet | Noticed a death yak
 12288 | Gauntlet | Noticed a death yak
 12289 | Gauntlet | Found a transporter.
 12289 | Gauntlet | Found a transporter.
 12289 | Gauntlet | Found a transporter.
 12289 | Gauntlet | Noticed a death yak
 12289 | Gauntlet | Noticed a death yak
 12291 | Gauntlet | Found a transporter.
 12291 | Gauntlet | Found a transporter.
 12291 | Gauntlet | Noticed a death yak
 12293 | Gauntlet | Noticed a death yak
 12308 | Gauntlet | Found a transporter.
 12319 | Gauntlet | Found a transporter.
 12329 | Gauntlet | Found a transporter.
 12334 | Gauntlet | Noticed a death drake
 12346 | Gauntlet | Found a transporter.
 12383 | Gauntlet | Found a transporter.
 12395 | Gauntlet | Found a transporter.
 12412 | Gauntlet | Noticed an azure jelly
 12424 | Gauntlet | Identified the ring "Vagackud" {rF+ rN+ Will- Int+3}
 12460 | Gauntlet | Killed a death yak
 12461 | Gauntlet | Reached XP level 12. HP: 110/110 MP: 11/11
 12470 | Gauntlet | Killed a death yak
 12475 | Gauntlet | Killed a death yak
 12477 | Gauntlet | Killed a death yak
 12484 | Gauntlet | HP: 2/107 [necromancer/bolt of negative energy (12)]
 12486 | Gauntlet | Reached skill level 14 in Axes
 12489 | Gauntlet | Killed a death yak
 12492 | Gauntlet | Killed a death yak
 12497 | Gauntlet | Identified the +3 pair of gloves of Utzumath {MP+9 Dex+2}
 12811 | Gauntlet | Noticed a minotaur
 12819 | Gauntlet | Killed a minotaur
 13018 | D:12     | Noticed a two-headed ogre
 13027 | D:12     | Killed a two-headed ogre
 13825 | D:13     | Noticed a five-headed hydra
 13834 | D:13     | Killed a one-headed hydra
 13921 | D:13     | Noticed a two-headed ogre
 13928 | D:13     | Killed a two-headed ogre
 13932 | D:13     | Noticed Sonja
 13948 | D:13     | Killed Sonja
 14312 | D:13     | Noticed a centaur warrior
 14319 | D:13     | Reached skill level 15 in Axes
 14321 | D:13     | Killed a centaur warrior
 14322 | D:13     | Reached skill level 10 in Shields
 14485 | D:13     | Reached XP level 13. HP: 117/117 MP: 12/12
 14736 | D:13     | Found a gate to the Vaults.
 16489 | Lair:1   | Entered Level 1 of the Lair of Beasts
 16586 | Lair:1   | Noticed McSplat's ghost (journeyman TrCK)
 16587 | Lair:1   | Found a runed translucent gate.
 16587 | Lair:1   | Found a runed translucent gate.
 16587 | Lair:1   | Found a runed translucent gate.
 16588 | Lair:1   | Found a viscous altar of Jiyva.
 16703 | Lair:1   | Reached skill level 16 in Axes
 16939 | Lair:1   | Identified the +8 spear of the Rattlesnake {vorpal, Str+10
                  | Int+5 Dex-5}
 16952 | Lair:1   | HP: 2/119 [acid (5)]
 16952 | Lair:1   | Killed from afar by an oklob plant

Illustrated notes

Levels and vault maps discovered:
D:1:      evilmike_arrival_rings, layout_loops_corners,
          ebering_ecumenical_altar_rust, minivault_19, minivault_19,
          kennysheep_decorative_pillar
D:2:      layout_basic, uniq_robin, uniq_sigmund
D:3:      layout_loops_ring, lightli_temple_of_fire, old_standard_altar
D:4:      layout_basic, lemuel_round_altar, minmay_box_of_dots
D:5:      layout_loops_ring, makhleb_altar_promises_db, nicolae_ru_awakened_eye,
          pf_just_have_faith, nrook_uturn, minmay_misc_feat_diagonals
D:6:      layout_basic, nicolae_overflow_crystal_walls
D:7:      layout_cave_pools, tso_oasis_becter, minmay_temple_entry_trees,
          corner_web_ring
D:8:      layout_basic, nicolae_yredelemnul_corpse_copse, zin_statuary,
          lemuel_mausoleum_altar_kikubaaqudgha, nicolae_ossuary_entry_catacombs
D:9:      layout_gridville, serial_shops, shop_fountains, shop_statue,
          nicolae_shop_crystal, nicolae_square_shop, minmay_tree_intersection
D:10:     layout_grid_maze, lemuel_doored_altar, elyvilon_altar_5, david_orc_3,
          uniq_maggie, uniq_gastronok, uniq_harold
D:11:     gammafunk_cloud_chamber, layout_irregular_city,
          erik_lair_orcish_takeover
D:12:     layout_loops_ring, gauntlet_entry_generic,
          nicolae_trove_entry_crossroad
D:13:     layout_long_grid, hangedman_vaults_entry_quadrant_bands, uniq_sonja
D:14:     layout_roguey, special_room [special_room_orc], minivault_26,
          eino_small_chamber_without_monster
Lair:1:   layout_long_grid, gammafunk_ghost_ooze, lemuel_fruit_fields,
          minmay_lair_oklob_chamber

Skill      XL: |  1  2  3  4  5  6  7  8  9 10 11 12 13 |
---------------+----------------------------------------+-----
Axes           | 4 7 9 10 11 12 13 15 16 | 16.1
Fighting       | 4 7 9 10 11 12 | 12.5
Armour         | 6 8 9 10 11 | 11.6
Dodging        | 5 7 8 9 |  9.1
Evocations     | 4 5 |  5.8
Stealth        | 1 |  1.8
Shields        | 1 3 5 6 8 10 | 10.7

Action                   |  1- 3 |  4- 6 |  7- 9 | 10-12 | 13-15 || total
-------------------------+-------+-------+-------+-------+-------++-------
Melee: Hand axe          |    77 |     1 |   390 |       |       ||   468
       Headbutt          |     9 |       |    86 |   126 |    42 ||   263
       War axe           |       |       |     5 |   356 |       ||   361
       Broad axe         |       |       |       |    67 |   162 ||   229
Invok: Berserk           |     1 |       |     6 |    10 |     3 ||    20
       Brothers in Arms  |       |       |       |     5 |       ||     5
       Trog's Hand       |       |       |       |     2 |       ||     2
Evoke: Wand              |       |       |       |     1 |       ||     1
  Use: Potion            |     3 |     1 |       |     5 |     1 ||    10
       Scroll            |       |       |    12 |     6 |     2 ||    20
 Stab: Sleeping          |       |       |     1 |       |       ||     1
Armor: Animal skin       |     9 |       |     2 |       |       ||    11
       Chain mail        |       |       |    98 |   142 |       ||   240
       Plate armour      |       |       |       |    44 |    44 ||    88
Dodge: Dodged            |    44 |     1 |    95 |   153 |    33 ||   326
Block: Kite shield       |       |       |   227 |   370 |    85 ||   682
       Other             |       |       |     8 |       |       ||     8
       Reflection        |       |       |    10 |    30 |     3 ||    43

Table legend: (Time is in decaauts)
 A = Elapsed time spent in this place.
 B = Non-inter-level travel time spent in this place.
 C = Inter-level travel time spent in this place.
 D = Time resting spent in this place.
 E = Time spent auto-exploring this place.
 F = Levels seen in this place.
 G = Mean time per level.
                   A        B        C        D        E       F      G
               +--------+--------+--------+--------+--------+-----+--------+
         Total |  17172 |  16459 |    713 |   1195 |  12627 |  16 | 1073.2 |
       Dungeon |  15848 |  15135 |    713 |    809 |  11983 |  14 | 1132.0 |
          Lair |    454 |    454 |      0 |    154 |    202 |   1 |  454.0 |
      Gauntlet |    869 |    869 |      0 |    232 |    442 |   1 |  869.0 |
               +--------+--------+--------+--------+--------+-----+--------+

Top non-repeatable levels by time:
     D:8: 1536 daAuts
    D:14: 1417 daAuts
     D:1: 1406 daAuts
    D:10: 1383 daAuts
    D:13: 1283 daAuts
     D:2: 1164 daAuts
     D:6: 1057 daAuts
    D:12: 1013 daAuts
     D:9: 997 daAuts
     D:4: 977 daAuts
     D:5: 938 daAuts
    D:11: 937 daAuts
Gauntlet: 869 daAuts
     D:3: 868 daAuts
     D:7: 867 daAuts
